 Dungeon Sprint DCSS version 0.18.1-6-gd335043 (webtiles) character file.

5602 Hipnos the Unseen (level 10, 0/45 HPs)
             Began as a Spriggan Enchanter on May 19, 2016.
             Was the Champion of Sif Muna.
             Splashed by a jelly's acid (6 damage)
             ... while paralysed by a giant eyeball
             ... in the Dungeon (Sprint I: "Red Sonja").
             The game lasted 00:07:27 (1185 turns).

Hipnos the Unseen (Spriggan Enchanter)              Turns: 1185, Time: 00:07:27

Health: 0/45       AC: -1    Str:  4    XL:     10   Next: 45%
Magic:  24/38      EV:  4    Int: 21    God:    Sif Muna [******]
Gold:   888        SH:  0    Dex: 16    Spells: 4 memorised, 26 levels left

rFire  . . .     SeeInvis +     k - +0 short sword (venom)
rCold  . . .     Gourm    .     b - +1 robe
rNeg   . . .     Faith    .     (shield restricted)
rPois  .         Spirit   .     (helmet restricted)
rElec  .         Dismiss  .     (no cloak)
rCorr  .         Reflect  .     (gloves unavailable)
SustAt .         Harm     .     (boots unavailable)
MR     +....     NoTele   +     (no amulet)
Stlth  +++++++++.               (no ring)
                                l - ring of magical power

@: paralysed, darkness, corroded, very quick, somewhat resistant to hostile
enchantments, incredibly stealthy
A: unfitting armour, see invisible, herbivore 3, speed 3, slow metabolism 2
a: Channel Energy, Forget Spell, Renounce Religion


You were in the Dungeon.
You worshipped Sif Muna.
Sif Muna was exalted by your worship.
You were not hungry.

You visited 1 branch You collected 888 gold pieces.

Inventory:

Hand Weapons
 a - a +1 dagger
 k - a +0 short sword of venom (weapon)
Armour
 b - a +1 robe (worn)
Jewellery
 l - a ring of magical power (left hand)
Wands
 e - a wand of polymorph (7/24)
 i - a wand of teleportation (5/9)
Scrolls
 f - a scroll of magic mapping {unknown}
 j - a scroll of blinking
Potions
 g - a potion of haste
 h - 2 potions of magic
Books
 c - a book of Maledictions

   Spells                             Type                      Level
   a - Corona                         Hexes                        1
   b - Ensorcelled Hibernation        Hexes/Ice                    2
   c - Confuse                        Hexes                        3
   d - Tukima's Dance                 Hexes                        3
   e - Dazzling Spray                 Conjuration/Hexes            3
 m - Jiumi's Compendium of Excruciating Venom
   (Sif Muna gifted it to you in the Dungeon)

   Spells                             Type                      Level
   a - Magic Dart                     Conjuration                  1
   b - Dazzling Spray                 Conjuration/Hexes            3
   c - Mephitic Cloud                 Conjuration/Poison/Air       3
   d - Lightning Bolt                 Conjuration/Air              5
   e - Bolt of Cold                   Conjuration/Ice              6
   f - Orb of Destruction             Conjuration                  7
 n - Sif Muna's Guide on Aerial Beguiling
   (Sif Muna gifted it to you in the Dungeon)

   Spells                             Type                      Level
   a - Cause Fear                     Hexes                        4
   b - Darkness                       Hexes                        6
   c - Tornado                        Air                          9
Comestibles
 d - 2 bread rations


   Skills:
 + Level 1.3 Fighting
 + Level 2.8 Short Blades
 + Level 9.6 Dodging
 * Level 20.4 Stealth
 * Level 14.6 Spellcasting
 * Level 16.9 Hexes


You had 26 spell levels left.
You knew the following spells:

 Your Spells              Type           Power        Failure   Level  Hunger
a - Corona                Hex            ######.      0%          1    None
b - Ensorcelled Hibernat  Hex/Ice        ######       1%          2    None
c - Confuse               Hex            ######..     0%          3    None
d - Darkness              Hex            ######....   1%          6    #####..


Dungeon Overview and Level Annotations

Branches:
Dungeon (1/1)

Altars:
Cheibriados
Dithmenos
Elyvilon
Fedhas
Gozag
Kikubaaqudgha
Makhleb
Nemelex Xobeh
Okawaru
Pakellas
Qazlal
Ru
Sif Muna
Trog
Vehumet
Xom
Yredelemnul
Zin
The Shining One
Jiyva

Shops:
D =[


Innate Abilities, Weirdness & Mutations

You are tiny and cannot use many weapons and most armour.
You have supernaturally acute eyesight.
You are a herbivore.
You cover ground extremely quickly.
You need consume almost no food.


Message History

The jelly jiggles.
The giant eyeball turns its gaze towards you.
The giant eyeball view fixates on you.
You hit the giant eyeball.
The giant eyeball is poisoned.
The giant eyeball is moderately wounded.
The giant eyeball's stare focuses on you.
You hit the giant eyeball.
The giant eyeball is heavily wounded.
The jelly hits you.
You are splashed with acid!
The acid burns!
The giant eyeball gazes piercingly through you!
You suddenly lose the ability to move!
The jelly hits you.
You are splashed with acid!
The acid corrodes you!
The acid burns!
The jelly hits you.
You are splashed with acid!
The acid burns!
The jelly hits you.
You are splashed with acid!
The acid burns!
* * * LOW HITPOINT WARNING * * *
You kill the giant eyeball!
The jelly hits you.
* * * LOW HITPOINT WARNING * * *
You are splashed with acid!
The acid burns!
You die...

..._##_.#'##'#####'###
____###'#.#.[..###.'.#
#######(####'###.###.#
+.).'..÷..'(∩##.#
#)..###########†#
##.###....§§§##§# #+#
#.....§§.§§#
#'''######§#
#...JJ@..#§#
#J...J..#+§#
nn.......≈####
n.......≈≈#
......≈≈≈## #..≈≈≈≈###


You could see 4 jellies.

Vanquished Creatures
  2 centaur warriors (D)
  Sonja (D)
  2 unseen horrors (D)
  A deep troll (D)
  An oklob plant (D)
  2 kobold demonologists (D)
  A slime creature (D)
  Sigmund (D)
  2 redbacks (D)
  A yak (D)
  2 giant eyeballs (D)
  A wasp (D)
  An ogre (D)
  4 jellies (D)
  Ijyb (D)
23 creatures vanquished.

Vanquished Creatures (others)
  A gargoyle (D)
1 creature vanquished.

Grand Total: 24 creatures vanquished

Notes
Turn   | Place    | Note
--------------------------------------------------------------
     0 | D        | Hipnos the Spriggan Enchanter began the quest for the Orb.
     0 | D        | Reached XP level 1. HP: 9/9 MP: 5/5
     1 | D        | Noticed Ijyb
    10 | D        | Killed Ijyb
    10 | D        | Reached skill level 6 in Stealth
    10 | D        | Reached XP level 2. HP: 13/13 MP: 5/7
    56 | D        | Learned a level 2 spell: Ensorcelled Hibernation
    64 | D        | Noticed an ogre
    67 | D        | Killed an ogre
    67 | D        | Reached skill level 9 in Stealth
    67 | D        | Reached XP level 3. HP: 14/16 MP: 8/10
    67 | D        | Reached XP level 4. HP: 19/21 MP: 8/11
    85 | D        | Learned a level 3 spell: Confuse
    88 | D        | Noticed Sigmund
    95 | D        | Killed Sigmund
    95 | D        | Reached skill level 11 in Stealth
    95 | D        | Reached skill level 10 in Hexes
    95 | D        | Reached XP level 5. HP: 23/24 MP: 2/15
    95 | D        | Reached XP level 6. HP: 27/28 MP: 2/16
   196 | D        | Found a deep blue altar of Sif Muna.
   198 | D        | Found a radiant altar of Vehumet.
   202 | D        | Became a worshipper of Sif Muna the Loreminder
   204 | D        | Reached skill level 12 in Stealth
   207 | D        | Found Nexi's Jewellery Emporium.
   207 | D        | Found a white marble altar of Elyvilon.
   207 | D        | Found a stormy altar of Qazlal.
   207 | D        | Found a burning altar of Makhleb.
   207 | D        | Found a sacrificial altar of Ru.
   207 | D        | Found an oddly glowing altar of Pakellas.
   207 | D        | Found a basalt altar of Yredelemnul.
   207 | D        | Found a glowing golden altar of the Shining One.
   207 | D        | Found a sparkling altar of Nemelex Xobeh.
   207 | D        | Found a shimmering altar of Xom.
   207 | D        | Found an opulent altar of Gozag.
   207 | D        | Found an ancient bone altar of Kikubaaqudgha.
   207 | D        | Found a glowing silver altar of Zin.
   207 | D        | Noticed a yak
   208 | D        | Found an iron altar of Okawaru.
   209 | D        | Killed a yak
   209 | D        | Reached * piety under Sif Muna
   209 | D        | Reached skill level 5 in Dodging
   209 | D        | Reached skill level 13 in Stealth
   227 | D        | Found a bloodstained altar of Trog.
   246 | D        | Noticed Sonja
   253 | D        | Killed Sonja
   253 | D        | Reached ** piety under Sif Muna
   253 | D        | Reached *** piety under Sif Muna
   253 | D        | Reached skill level 15 in Stealth
   253 | D        | Reached XP level 7. HP: 17/32 MP: 12/21
   454 | D        | Found a snail-covered altar of Cheibriados.
   454 | D        | Found a viscous altar of Jiyva.
   454 | D        | Found a shadowy altar of Dithmenos.
   454 | D        | Found a blossoming altar of Fedhas.
   454 | D        | Noticed a slime creature
   462 | D        | Killed a slime creature
   462 | D        | Reached skill level 10 in Spellcasting
   462 | D        | Reached XP level 8. HP: 36/36 MP: 18/23
   501 | D        | Noticed a kobold demonologist
   502 | D        | Noticed a kobold demonologist
   516 | D        | Noticed a soul eater
   542 | D        | Noticed a deep troll
   546 | D        | Killed a deep troll
   546 | D        | Reached **** piety under Sif Muna
   546 | D        | Reached skill level 17 in Stealth
   564 | D        | Found Yquzxaoz's Armour Emporium.
   620 | D        | Killed a kobold demonologist
   620 | D        | Reached ***** piety under Sif Muna
   620 | D        | Reached XP level 9. HP: 26/39 MP: 17/25
   733 | D        | Killed a kobold demonologist
   793 | D        | Noticed a centaur warrior
   793 | D        | Noticed a centaur warrior
   797 | D        | Killed a centaur warrior
   797 | D        | Reached skill level 18 in Stealth
   797 | D        | Reached skill level 15 in Hexes
   800 | D        | Killed a gargoyle
   801 | D        | Reached ****** piety under Sif Muna
   801 | D        | Received a gift from Sif Muna
   806 | D        | Killed a centaur warrior
   806 | D        | Reached skill level 1 in Fighting
   806 | D        | Reached skill level 19 in Stealth
   807 | D        | Identified Jiumi's Compendium of Excruciating Venom (Sif Muna gifted it to you in the Dungeon)
   884 | D        | Noticed an oklob plant
   886 | D        | Killed an oklob plant
   886 | D        | Reached XP level 10. HP: 38/45 MP: 28/28
   967 | D        | Noticed an unseen horror
   967 | D        | Noticed an unseen horror
   972 | D        | Killed an unseen horror
   972 | D        | Received a gift from Sif Muna
   974 | D        | Killed an unseen horror
   974 | D        | Reached skill level 20 in Stealth
   976 | D        | Identified Sif Muna's Guide on Aerial Beguiling (Sif Muna gifted it to you in the Dungeon)
   984 | D        | Learned a level 6 spell: Darkness
  1183 | D        | Paralysed by a giant eyeball for 4 turns
  1185 | D        | Splashed by a jelly's acid

Skill      XL: |  1  2  3  4  5  6  7  8  9 10 |
---------------+-------------------------------+-----
Stealth        | 6 9 11 15 17 19 20 | 20.4
Spellcasting   | 3 4 6 9 10 11 13 14 | 14.6
Hexes          | 6 8 10 13 14 16 | 16.9
Dodging        | 4 6 8 9 |  9.6
Short Blades   | 2 |  2.8
Fighting       | 1 |  1.3

Action                   |  1- 3 |  4- 6 |  7- 9 | 10-12 || total
-------------------------+-------+-------+-------+-------++-------
Melee: Dagger            |     7 |     4 |       |       ||    11
       Short sword       |       |       |    23 |     9 ||    32
 Cast: Ensorcelled Hiber |       |     7 |    11 |     1 ||    19
       Confuse           |       |       |     7 |       ||     7
       Darkness          |       |       |       |     3 ||     3
  Use: Potion            |     1 |     1 |     1 |       ||     3
 Stab: Sleeping          |     1 |     4 |     6 |     7 ||    18
       Confused          |       |       |     5 |       ||     5
Armor: Robe              |       |       |     2 |       ||     2
Dodge: Dodged            |     4 |     7 |    44 |     2 ||    57
